 Dungeon Crawl Stone Soup version 0.23.2-1-ga50397a (webtiles) character file.

Game seed: 9633687286594248625

197 SedStubbie the Skirmisher (level 5, -1/42 HPs)
             Began as a Demonspawn Abyssal Knight on Apr 29, 2019.
             Was a Believer of Lugonu.
             Slain by an orc wizard
             ... wielding a +0 dagger
              (5 damage)
             ... on level 3 of the Dungeon.
             The game lasted 00:11:30 (4003 turns).

SedStubbie the Skirmisher (DsAK)                    Turns: 4003, Time: 00:11:30

Health: -1/42      AC:  5    Str: 12 (13) XL:     5   Next: 46%
Magic:  6/6        EV: 11    Int: 13      God:    Lugonu [**....]
Gold:   144        SH:  7    Dex: 12 (13) Spells: 4/4 levels left

rFire    . . .     SeeInvis .   a - +1 hand axe
rCold    . . .     Gourm    .   g - +0 buckler
rNeg     . . .     Faith    .   b - +0 leather armour
rPois    .         Spirit   .   (no helmet)
rElec    .         Reflect  +   l - +0 cloak (curse)
rCorr    .         Harm     .   (no gloves)
MR       .....                  f - +0 pair of boots
Stlth    +.........             o - +3 amulet of reflection
HPRegen  0.14/turn              (no ring)
MPRegen  0.10/turn              (no ring)

@: no status effects
A: talons 1
a: Depart the Abyss, Bend Space, Renounce Religion


You were on level 3 of the Dungeon.
You worshipped Lugonu.
Lugonu was pleased with you.
You were hungry.

You visited 1 branch of the dungeon, and saw 4 of its levels.
You visited the Abyss 1 time.

You collected 144 gold pieces.

Inventory:

Hand Weapons
 a - a +1 hand axe (weapon)
Missiles
 m - a throwing net (quivered)
Armour
 b - a +0 leather armour (worn)
 f - a +0 pair of boots (worn)
 g - a +0 buckler (worn)
 l - a cursed +0 cloak (worn)
Jewellery
 o - a +3 amulet of reflection (around neck)
Scrolls
 e - a scroll of remove curse
 h - a scroll of teleportation
 i - a scroll of magic mapping {unknown}
 j - 5 scrolls of identify
Potions
 d - a potion of lignification
 k - 2 potions of curing
 n - 2 potions of degeneration
Comestibles
 c - 6 rations
 p - a chunk of flesh


   Skills:
 + Level 3.9 Fighting
 + Level 2.6 Axes
 + Level 2.6 Armour
 + Level 2.0 Dodging
 * Level 2.3 Shields
 - Level 2.5 Invocations


You had 4 spell levels left.
You didn't know any spells.
Your spell library was empty.

Dungeon Overview and Level Annotations

Branches:
Dungeon (4/15)
 Temple: D:4-7

Altars:
Cheibriados


Innate Abilities, Weirdness & Mutations

You have sharp toenails.


Message History

There is a stone staircase leading up here.
The hound bites you but does no damage. Something hits you.
The hound bites you but does no damage. You block the orc warrior's attack.
The orc barely misses you.
You climb upwards.
Reactivating autopickup.
There is a stone staircase leading down here.
The hound bites you. Something hits you but does no damage.
Deactivating autopickup; reactivate with Ctrl-A.
The hound bites you but does no damage.
The orc warrior hits you with a +0 war axe of chopping!
The hound barely misses you.
Your leather armour prevents you from hitting something.
You hit the orc warrior. You closely miss the hound. The hound bites you.
The orc warrior hits you with a +0 war axe of chopping.
* * * LOW HITPOINT WARNING * * *
x2 The hound bites you.
* * * LOW HITPOINT WARNING * * *
The hound closely misses you. Something hits you.
You die...

#.#### #..##.# #######.#
###..##.#
...#....########....##.#
##.#.###.........##.##.#
##...###.#########..##.#
#.>.[#...# #(#...#
#.##...### #######.#.###
..###### ##......(....##
### ##>..oh@....[..##
#.....o.........#
#..............<#
#...............#
#...............#
#<..........)...#
##.............##
##.....#.....##
#############


You could see an orc warrior, a hound and an orc.

Vanquished Creatures
  A howler monkey (D:4)
  A worker ant (D:4)
  7 adders
  2 worms
  A dart slug (D:1)
  4 leopard geckos
  2 orcs
  8 bats
  2 giant cockroaches
  11 goblins
  3 hobgoblins
  3 jackals (D:2)
  7 kobolds
  A ball python (D:3)
  3 frilled lizards
  3 rats
  A bush (D:1)
60 creatures vanquished.

Notes
Turn   | Place    | Note
-------+----------+-------------------------------------------
     0 | Abyss:1  | SedStubbie the Demonspawn Abyssal Knight began the quest
                  | for the Orb.
     0 | Abyss:1  | Reached XP level 1. HP: 18/18 MP: 2/2
    61 | Abyss:1  | Found a corrupted altar of Lugonu.
    81 | Abyss:2  | Found a corrupted altar of Lugonu.
   105 | Abyss:2  | Noticed an ancient zyme
   108 | Abyss:2  | Noticed a sixfirhy
   109 | D:1      | Escaped the Abyss
   274 | D:1      | Reached * piety under Lugonu
   337 | D:1      | Gained mutation: You have sharp toenails. [demonic
                  | ancestry]
   337 | D:1      | Reached XP level 2. HP: 11/24 MP: 3/3
   534 | D:1      | Reached skill level 1 in Dodging
  1242 | D:2      | Reached XP level 3. HP: 15/29 MP: 4/4
  1809 | D:2      | Reached skill level 1 in Shields
  2067 | D:2      | Found a snail-covered altar of Cheibriados.
  2441 | D:3      | Reached XP level 4. HP: 27/36 MP: 5/5
  2645 | D:3      | HP: 2/55 [goblin (3)]
  2978 | D:3      | Reached ** piety under Lugonu
  3937 | D:4      | Reached XP level 5. HP: 39/42 MP: 6/6
  3989 | D:4      | Noticed an orc warrior
  4003 | D:3      | Slain by an orc wizard

Skill      XL: |  1  2  3  4  5 |
---------------+----------------+-----
Dodging        | 1 2 |  2.0
Armour         | 2 |  2.6
Axes           | 2 |  2.6
Shields        | 1 2 |  2.3
Fighting       | |  3.9
Invocations    | |  2.5

Action                   |  1- 3 |  4- 6 || total
-------------------------+-------+-------++-------
Melee: Hand axe          |   248 |   122 ||   370
       Kick              |    59 |       ||    59
Invok: Depart the Abyss  |     1 |       ||     1
  Use: Scroll            |     5 |       ||     5
       Potion            |       |     8 ||     8
  Eat: Chunk             |     5 |     5 ||    10
Armor: Leather armour    |    48 |    29 ||    77
       Skin              |       |     4 ||     4
Dodge: Dodged            |    79 |    78 ||   157
Block: Buckler           |    23 |    58 ||    81
       Reflection        |       |     6 ||     6
